 Dungeon Crawl Stone Soup version 0.28-a0-1190-g77e1c55843 (webtiles) character file.

Game seed: 901331765670364412

6899 Conn the Thaumaturge (level 11, -2/60 (67) HPs)
             Began as an Octopode Fire Elementalist on Dec 18, 2021.
             Was a Believer of Sif Muna.
             Slain by a spectral orc knight (20 damage)
             ... summoned by Nergalle
             ... on level 10 of the Dungeon.
             The game lasted 00:25:46 (12558 turns).

Conn the Thaumaturge (Octopode Fire Elementalist)  Turns: 12558, Time: 00:25:46

HP:   -2/60 (67)    AC:  1    Str:  7    XL:     11   Next: 6%
MP:   13/23         EV: 16    Int: 22    God:    Sif Muna [**....]
Gold: 459           SH:  0    Dex: 19    Spells: 10/26 levels left

rFire   + . .      SeeInvis +   m - +1 short sword (protect)
rCold   . . .      Faith    .   (no shield)
rNeg    . . .      Spirit   .   (helmet restricted)
rPois   .          Reflect  .   (no amulet)
rElec   .          Harm     .   u - ring of see invisible
rCorr   .          Rampage  .   y - ring of protection from fire
Will    .....                   C - +6 ring of dexterity
Stlth   +++++.....              I - ring of willpower
HPRegen 0.20/turn               (no ring)
MPRegen 0.18/turn               (no ring)
                                (no ring)
                                (no ring)

@: weak-willed, heavily drained
A: almost no armour, amphibious, 8 rings, camouflage 1, gelatinous body 1,
(nimble swimmer 1), tentacles
a: Renounce Religion, Channel Magic


You were on level 10 of the Dungeon.
You worshipped Sif Muna.
Sif Muna was pleased with you.
You visited 2 branches of the dungeon, and saw 11 of its levels.
You also visited: Sewer and Ossuary.

You collected 459 gold pieces.

Inventory:

Hand Weapons
 b - a +1 short sword of electrocution
 m - a +1 short sword of protection (weapon)
Missiles
 k - 21 poisoned darts (quivered)
 H - 2 throwing nets
Armour
 z - the +7 tower shield of Beogh's Favour {Fly Str+4}
   (You found it on level 7 of the Dungeon)

   Str:       It affects your strength (+4).
   Fly:       It grants you flight.
Jewellery
 u - a ring of see invisible (left tentacle)
 y - a ring of protection from fire (right tentacle)
 C - a +6 ring of dexterity (on tentacle)
 I - a ring of willpower (on tentacle)
Wands
 E - a wand of flame (34)
Scrolls
 a - a scroll of magic mapping {unknown}
 c - 5 scrolls of enchant weapon {unknown}
 d - 8 scrolls of teleportation {unknown}
 e - 2 scrolls of vulnerability
 g - a scroll of torment {unknown}
 i - 9 scrolls of identify {unknown}
 j - a scroll of enchant armour {unknown}
 r - 2 scrolls of silence {unknown}
 v - a scroll of noise {unknown}
 A - a scroll of fear {unknown}
 B - 2 scrolls of fog {unknown}
Potions
 f - 4 potions of curing {unknown}
 h - 3 potions of mutation {unknown}
 l - 2 potions of attraction {unknown}
 n - 3 potions of invisibility {unknown}
 p - 3 potions of brilliance {unknown}
 q - 5 potions of haste {unknown}
 s - 4 potions of cancellation {unknown}
 t - 7 potions of heal wounds {unknown}
 w - 2 potions of degeneration {unknown}
 x - 3 potions of magic {unknown}
 D - a potion of flight {unknown}
 F - 3 potions of might {unknown}
 G - a potion of lignification {unknown}


   Skills:
 + Level 3.5 Fighting
 + Level 5.7 Short Blades
 + Level 5.0 Dodging
 + Level 6.8 Stealth
 + Level 8.2 Spellcasting
 + Level 6.4 Conjurations
 + Level 3.3 Hexes
 + Level 7.8 Fire Magic
 + Level 0.5 Air Magic
 + Level 1.1 Poison Magic
 * Level 1.2 Invocations


You had 10 spell levels left.
You knew the following spells:

 Your Spells              Type           Power      Damage    Failure   Level
a - Foxfire               Conj/Fire      100%       2x1d9     1%          1
b - Conjure Flame         Conj/Fire      40%        6-21      1%          3
c - Inner Flame           Hex/Fire       33%        N/A       2%          3
d - Flame Wave            Conj/Fire      40%        2d8       3%          4
e - Scorch                Fire           86%        2d9       1%          2
f - Mephitic Cloud        Conj/Pois/Air  21%        N/A       7%          3

Your spell library contained the following spells:

 Spells                   Type           Power      Damage    Failure   Level
 Magic Dart               Conj           100%       1d8       1%          1
 Animate Skeleton         Necr           18%        N/A       8%          1
 Apportation              Tloc           18%        N/A       8%          1
 Summon Small Mammal      Summ           36%        N/A       8%          1
 Call Imp                 Summ           9%         N/A       11%         2
 Sublimation of Blood     Necr           9%         N/A       11%         2
 Wereblood                Tmut           9%         N/A       11%         2
 Portal Projectile        Hex/Tloc       32%        N/A       11%         3
 Call Canine Familiar     Summ           9%         N/A       22%         3
 Leda's Liquefaction      Hex/Erth       8%         N/A       36%         4
 Summon Hydra             Summ           4%         N/A       100%        7


Dungeon Overview and Level Annotations

Branches:
Dungeon (10/15)            Temple (1/1) D:5            Lair (0/6) D:10
  Sewer (visited)         Ossuary (visited)
    Orc: D:9-12

Altars:
Ashenzari
Cheibriados
Dithmenos
Elyvilon
Fedhas
Gozag
Hepliaklqana
Kikubaaqudgha
Makhleb
Nemelex Xobeh
Okawaru
Qazlal
Ru
Sif Muna
Trog
Uskayaw
Vehumet
Wu Jian
Xom
Yredelemnul
Zin
The Shining One

Shops:
D:3 =[=(:   D:4 (*[[   D:8 [

Annotations:
D:10 Nergalle


Innate Abilities, Weirdness & Mutations

You cannot wear most types of armour.
You are amphibious.
You can wear up to eight rings at the same time.
Your skin changes colour to match your surroundings (Stealth+).
Your rubbery body absorbs attacks. (AC +1, EV +1)
((You are camouflaged near water. (Stealth+)))
You have tentacles for arms and can constrict up to eight enemies at once.


Message History

You feel drained.
The spectral orc warrior hits you with a +0 short sword!
You feel drained.
Unknown command.
A wave of flame ripples out!
The flame wave engulfs the spectral orc knight but does no damage.
The spectral orc knight is moderately damaged.
The flame wave engulfs the spectral orc warrior but does no damage.
The spectral orc warrior is lightly damaged.
The spectral orc knight hits you with a +0 great sword!
You feel drained.
The spectral orc warrior hits you with a +0 short sword!
You feel drained.
* * * LOW HITPOINT WARNING * * *
Nergalle is engulfed in blazing flames.
Flame seeps out of Nergalle.
Unknown command.
Press: ? - help, v - describe, . - travel
Here: a spectral orc warrior, wielding a +0 short sword and wearing a +0 chain mail (lightly damaged, summoned)
The floor.
Unknown command.
Unknown command.
Okay, then.
Unknown command.
Unknown command.
Nergalle points at you and mumbles some strange words.
Orcish apparitions take form around you.
Okay, then.
Okay, then.
Casting: Flame Wave (dangerous; 3% risk of failure)
Confirm with . or Enter, or press ? or * to list all spells.
Okay, then.
Okay, then.
Unknown command.
Unknown command.
Unknown command.
Unknown command.
As you read the scroll labelled MAEJEI DO KITH, it crumbles to dust.
Magic quickly surges around you.
It was a scroll of vulnerability.
The spectral orc knight hits you with a +0 great sword!!
You die...

#.+ #..#+###..#
+..# #..# #..#
#..# #..# #..#
#..#####..#
#.........#
##..ZZ.....#
#.Z..#'#'#.#
###.@#...#.#
#ZZ#...#.#
#..#...#.#
.........#...#.#
........o#...#.#
.........#...#.#
.........#####..
..........
........(.


You could see Nergalle (inner flame, poisoned, slow, weak-willed), a spectral
orc (summoned), 3 spectral orc warriors and a spectral orc knight (summoned).

Vanquished Creatures
  Maurice (D:8)
  Psyche (D:8)
  2 trolls (D:10)
  Grinder (D:6)
  9 yaks
  3 wyverns (D:9)
  Eustachio (D:4)
  2 water moccasins (D:7)
  4 orc warriors
  A black bear (D:5)
  3 centaurs
  A kobold brigand (Sewer)
  4 elf zombies (Ossuary)
  Blork the orc (D:4)
  A scorpion (D:4)
  3 killer bees (D:9)
  14 wights
  2 howler monkeys (D:9)
  2 bullfrog zombies (D:7)
  4 centaur zombies
  A hound (D:7)
  A bullfrog skeleton (D:4)
  A gnoll shaman (D:10)
  5 orc priests
  A human zombie (Ossuary)
  2 centaur skeletons (D:6)
  4 iguanas
  A scorpion zombie (D:5)
  Terence (D:3)
  Natasha (thrice) (D:3)
  7 orc wizards
  2 mummies (Ossuary)
  A howler monkey zombie (D:8)
  Robin (D:3)
  8 adders
  4 gnolls (D:10)
  5 river rats (Sewer)
  2 shadow imps
  An ufetubus (D:4)
  2 worms
  A dart slug (D:5)
  16 orcs
  3 endoplasms
  8 giant cockroaches
  9 goblins
  8 hobgoblins
  6 quokkas
  6 ball pythons
  2 bats
  A frilled lizard (D:3)
  2 goblin zombies (Ossuary)
  14 hobgoblin zombies (Ossuary)
  25 kobolds
  6 kobold zombies (Ossuary)
  5 orc zombies (Ossuary)
  23 rats
  4 rat zombies (Ossuary)
252 creatures vanquished.

Vanquished Creatures (others)
  A sky beast (D:6)
  An orc (D:8)
  696 foxfires
  10 plants (D:10)
708 creatures vanquished.

Grand Total: 960 creatures vanquished

Notes
Turn   | Place    | Note
-------+----------+-------------------------------------------
     0 | D:1      | Conn the Octopode Fire Elementalist began the quest for the
                  | Orb.
     0 | D:1      | Reached XP level 1. HP: 11/11 MP: 3/3
   110 | D:1      | Found a faded altar of an unknown god.
   589 | D:1      | Reached XP level 2. HP: 17/17 MP: 5/5
  1337 | D:2      | Reached XP level 3. HP: 21/21 MP: 6/6
  1657 | D:3      | Noticed Natasha
  1665 | D:3      | Killed Natasha
  1666 | D:3      | Reached skill level 1 in Short Blades
  1666 | D:3      | Reached XP level 4. HP: 20/27 MP: 7/7
  1901 | D:3      | Found a glowing drain.
  1914 | Sewer    | Entered a sewer
  2101 | Sewer    | Reached XP level 5. HP: 32/32 MP: 0/8
  2376 | Sewer    | Noticed a kobold brigand
  2414 | Sewer    | Killed a kobold brigand
  2415 | Sewer    | Reached skill level 1 in Fighting
  2496 | Sewer    | Reached XP level 6. HP: 18/38 MP: 3/10
  2984 | Sewer    | Identified the +1 leather armour "Deeweler" {rElec rN+
                  | Int+5 Dex-3}
  3238 | D:3      | Noticed Natasha
  3243 | D:3      | Killed Natasha
  3361 | D:3      | Noticed Natasha
  3366 | D:3      | Killed Natasha
  3367 | D:3      | Reached skill level 3 in Spellcasting
  3463 | D:3      | Noticed Robin
  3468 | D:3      | Killed Robin
  3480 | D:3      | Found Xuhur's Jewellery Shop.
  3558 | D:3      | Found Toloegog's Jewellery Boutique.
  3588 | D:3      | Noticed Terence
  3614 | D:3      | Killed Terence
  4073 | D:3      | Found Rothre Baso's Book Shop.
  4296 | D:3      | Found Doylukh's Weapon Emporium.
  4385 | D:3      | Found Agulij's Armour Emporium.
  4642 | D:4      | Found Fesesh's Armour Emporium.
  4654 | D:4      | Reached XP level 7. HP: 33/43 MP: 1/12
  4749 | D:4      | Noticed Blork the orc
  4759 | D:4      | Killed Blork the orc
  4803 | D:4      | Found Teol Simp's Antique Armour Shoppe.
  4827 | D:4      | Found Deymegg's General Store.
  5050 | D:4      | Noticed Eustachio
  5062 | D:4      | Killed Eustachio
  5232 | D:4      | Found Fapruro's Weapon Shoppe.
  5273 | D:4      | Reached skill level 5 in Stealth
  5307 | D:4      | Learned a level 3 spell: Conjure Flame
  5311 | D:4      | Learned a level 3 spell: Inner Flame
  5316 | D:4      | Learned a level 4 spell: Flame Wave
  5319 | D:4      | Learned a level 2 spell: Scorch
  5345 | D:5      | Entered Level 5 of the Dungeon
  5482 | D:5      | Reached skill level 4 in Spellcasting
  5694 | D:5      | Found a staircase to the Ecumenical Temple.
  5709 | D:5      | Reached XP level 8. HP: 40/50 MP: 11/14
  5713 | Temple   | Entered the Ecumenical Temple
  6132 | Temple   | Became a worshipper of Sif Muna the Loreminder
  7288 | D:6      | Reached skill level 5 in Fire Magic
  7643 | D:6      | Noticed Grinder
  7650 | D:6      | Killed Grinder
  7651 | D:6      | Reached skill level 1 in Hexes
  7814 | D:7      | Identified the +7 tower shield of Beogh's Favour {Fly
                  | Str+4}
  7941 | D:7      | Reached XP level 9. HP: 55/55 MP: 8/16
  8114 | D:7      | Found a sand-covered staircase.
  8127 | Ossuary  | Entered an ossuary
  8251 | Ossuary  | Reached * piety under Sif Muna
  8326 | Ossuary  | Reached skill level 5 in Spellcasting
  8805 | D:7      | Reached skill level 5 in Conjurations
  9310 | D:8      | Found Tuamp's Armour Emporium.
  9359 | D:8      | Reached skill level 5 in Short Blades
  9359 | D:8      | Noticed Psyche
  9364 | D:8      | Noticed Maurice
  9367 | D:8      | Killed Psyche
  9368 | D:8      | Reached skill level 6 in Spellcasting
  9781 | D:9      | Reached XP level 10. HP: 63/63 MP: 16/19
  9787 | D:9      | Reached ** piety under Sif Muna
 10246 | D:9      | Reached skill level 7 in Spellcasting
 10950 | D:8      | Killed Maurice
 11455 | D:7      | Learned a level 3 spell: Mephitic Cloud
 11604 | D:10     | Entered Level 10 of the Dungeon
 11640 | D:10     | Found a staircase to the Lair.
 11657 | D:10     | Found a snail-covered altar of Cheibriados.
 11941 | D:10     | Reached skill level 8 in Spellcasting
 12128 | D:10     | Reached skill level 1 in Poison Magic
 12155 | D:10     | Reached XP level 11. HP: 26/67 MP: 2/23
 12404 | D:10     | Reached skill level 5 in Dodging
 12404 | D:10     | Reached skill level 1 in Invocations
 12546 | D:10     | Noticed Nergalle
 12558 | D:10     | Slain by a spectral orc knight

Illustrated notes

Levels and vault maps discovered:
D:1:      saegor_arrival_simple_e, layout_loops_corners,
          shapermc_ecumenical_altar_venn
D:2:      layout_rooms, serial_corexii_hall, corexii_hall_statues_x,
          corexii_hall_statues_x
D:3:      layout_basic, serial_shops, nicolae_shop_statue_plus,
          nicolae_shop_waterfront, shop, shop, nicolae_shop_advertising_works
          [nicolae_subvault_shop_adworks], portal_sewer_entry_f, uniq_robin,
          uniq_natasha, uniq_terence
D:4:      layout_rooms, serial_shops, nicolae_shop_bloodbath_and_beyond,
          nicolae_shop_waterfront, shop_statue, shop, uniq_eustachio,
          uniq_blork_the_orc
D:5:      layout_gridville, minmay_temple_entry_drinking_statues
D:6:      layout_basic, uniq_menkaure, uniq_grinder
D:7:      layout_basic, chequers_ossuary_entry_cave, amethyst_killhole,
          hangedman_decor_opposing, hangedman_decor_growths,
          minmay_misc_feat_roman
D:8:      layout_rooms, serial_shops, shop, uniq_maurice, uniq_psyche
D:9:      layout_long_grid
D:10:     layout_irregular_city, slow_altar_1, dpeg_oklobed_lair,
          minmay_orc_entry_temple_small, grunt_potential, uniq_nergalle
Temple:   mainiacjoe_temple_trianglar_array

Skill      XL: |  1  2  3  4  5  6  7  8  9 10 11 |
---------------+----------------------------------+-----
Stealth        | 3 4 5 6 |  6.8
Short Blades   | 1 2 3 4 5 |  5.7
Fighting       | 1 2 3 |  3.5
Fire Magic     | 4 5 6 7 |  7.8
Conjurations   | 2 3 4 5 6 |  6.4
Spellcasting   | 3 4 6 8 |  8.2
Dodging        | 3 4 5 |  5.0
Hexes          | 1 3 |  3.3
Poison Magic   | 1 |  1.1
Invocations    | 1 |  1.2
Air Magic      | |  0.5

Action                   |  1- 3 |  4- 6 |  7- 9 | 10-12 || total
-------------------------+-------+-------+-------+-------++-------
Melee: Short sword       |    28 |    77 |   107 |    45 ||   257
       Tentacles         |     5 |    11 |    23 |    11 ||    50
       Constrict         |     4 |    19 |    27 |     2 ||    52
Throw: Dart              |     1 |       |       |     1 ||     2
 Cast: Foxfire           |    15 |   106 |   183 |    87 ||   391
       Flame Wave        |       |       |     2 |     1 ||     3
       Inner Flame       |       |       |    12 |    10 ||    22
       Scorch            |       |       |     2 |    11 ||    13
       Conjure Flame     |       |       |       |     3 ||     3
       Mephitic Cloud    |       |       |       |     2 ||     2
  Use: Scroll            |       |       |       |     1 ||     1
 Stab: Sleeping          |     7 |     3 |     9 |     3 ||    22
       Confused          |       |       |       |     1 ||     1
Armor: Skin              |     1 |     8 |    33 |    13 ||    55
Dodge: Dodged            |    24 |    59 |   113 |    45 ||   241

Table legend: (Time is in decaauts)
 A = Elapsed time spent in this place.
 B = Non-inter-level travel time spent in this place.
 C = Inter-level travel time spent in this place.
 D = Time resting spent in this place.
 E = Time spent auto-exploring this place.
 F = Levels seen in this place.
 G = Mean time per level.
                   A        B        C        D        E       F      G
               +--------+--------+--------+--------+--------+-----+--------+
         Total |  12554 |  12224 |    330 |    741 |   8463 |  13 |  965.7 |
       Dungeon |  10413 |  10096 |    317 |    666 |   7059 |  10 | 1041.3 |
        Temple |    432 |    419 |     13 |      0 |    413 |   1 |  432.0 |
         Sewer |   1275 |   1275 |      0 |      0 |    931 |   1 | 1275.0 |
       Ossuary |    431 |    431 |      0 |     75 |     60 |   1 |  431.0 |
               +--------+--------+--------+--------+--------+-----+--------+

Top non-repeatable levels by time:
     D:3: 1825 daAuts
     D:9: 1656 daAuts
   Sewer: 1275 daAuts
     D:5: 1118 daAuts
     D:7: 1039 daAuts
     D:1: 1030 daAuts
     D:8: 869 daAuts
     D:6: 828 daAuts
    D:10: 824 daAuts
     D:4: 701 daAuts
     D:2: 519 daAuts
  Temple: 432 daAuts
 Ossuary: 431 daAuts
